 Dungeon Crawl Stone Soup version 0.27.0-66-gdc8fb28755 (webtiles) character file.

Game seed: 13017431834889811870

270 Spectrina the Covert (level 6, -3/36 HPs)
             Began as a Vampire Delver on Aug 20, 2021.
             Slain by an iguana (12 damage)
             ... on level 4 of the Dungeon.
             The game lasted 00:01:50 (274 turns).

Spectrina the Covert (Vampire Delver)                Turns: 274, Time: 00:01:51

Health: -3/36      AC:  3    Str: 11    XL:     6   Next: 1%
Magic:  6/6        EV: 16    Int: 12    God:
Gold:   48         SH:  0    Dex: 18    Spells: 5/5 levels left

rFire    . . .     SeeInvis +   a - +0 short sword
rCold    + + .     Faith    .   (no shield)
rNeg     + + +     Spirit   .   b - +0 leather armour
rPois    ∞         Reflect  .   (no helmet)
rElec    .         Harm     .   (no cloak)
rCorr    .         Rampage  .   (no gloves)
Will     .....                  (no boots)
Stlth    +++++++...             (no amulet)
HPRegen  0.00/turn              h - +4 ring of evasion
MPRegen  0.10/turn              (no ring)

@: bloodless, inhibited regen
A: bloodless, fangs 3, see invisible, vampiric 2
a: Bat Form, Revivify


You were on level 4 of the Dungeon.
You visited 1 branch of the dungeon, and saw 3 of its levels.

You collected 48 gold pieces.

Inventory:

Hand Weapons
 a - a +0 short sword (weapon)
Missiles
 j - 7 boomerangs (quivered)
Armour
 b - a +0 leather armour (worn)
Jewellery
 h - a +4 ring of evasion (left hand)
Wands
 g - a wand of digging (3)
Scrolls
 c - a scroll of fog
 d - a scroll of magic mapping
 e - a scroll of fear
 i - a scroll of vulnerability {unknown}
Potions
 f - a potion of haste


   Skills:
 - Level 2.6 Fighting
 - Level 2.1 Short Blades
 - Level 2.1 Dodging
 + Level 11.6 Stealth


You had 5 spell levels left.
You didn't know any spells.
Your spell library was empty.

Dungeon Overview and Level Annotations

Branches:
Dungeon (5/15)
 Temple: D:4-7

Altars:


Innate Abilities, Weirdness & Mutations

You do not regenerate when monsters are visible.
You are frail without blood (-20% HP).
You can heal yourself when you bite living creatures.
You are immune to poison.
You have razor-sharp teeth.
You have supernaturally acute eyesight. (SInv)
You are afflicted with vampirism and can become a bat while bloodless.


Message History

The hound is heavily wounded.
The hound barely misses you.
You closely miss the hound.
The hound is heavily wounded.
The hound barely misses you. The hound completely misses you.
You hit the hound.
The hound is severely wounded.
The iguana hisses menacingly.
The hound bites you.
You hit the hound but do no damage.
The hound is severely wounded.
The hound closely misses you. x2
You completely miss the hound.
The hound is severely wounded.
The hound closely misses you.
You barely miss the hound.
The hound is severely wounded.
The hound bites you. x2
You hit the hound.
The hound is severely wounded.
The hound barely misses you.
You hit the hound.
You kill the hound!
You have reached level 6!
Your experience leads to an increase in your attributes!
Increase (S)trength, (I)ntelligence, or (D)exterity?
You feel agile.
You hit the iguana but do no damage. The iguana closely misses you.
You hit the iguana.
The iguana is lightly wounded.
The iguana hisses menacingly.
The iguana bites you!
* * * LOW HITPOINT WARNING * * *
You hit the iguana.
The iguana is moderately wounded.
The iguana barely misses you.
You hit the iguana but do no damage.
The iguana is moderately wounded.
The iguana bites you!
You die...

.#..#.##.......^...
.#..#.##.#.#.#.#.#.
.#..#.##...........
.#..#.##.#.#.#.#.#.
.#..#..<[....)..... #
##.#..#..#.#.#.#.#.#.
#.#.#.#.##.....#...........
.........##.#.##.#.#.#.#.#.
#.##+##.#l@.#.##.#.#.#.####
#.o####.##.#.#.#.# +.##
#.##.#.#.#.# #..
#.##.....#.# #.# #.# #.#
... #.# #.#


You could see an iguana and an orc.

Vanquished Creatures
  An ice beast (D:5)
  3 hounds
  An iguana (D:5)
  An orc wizard (D:4)
  A hound skeleton (D:4)
  A howler monkey zombie (D:5)
  An ufetubus (D:4)
  A dart slug (D:3)
  2 orcs
  A goblin (D:3)
  A hobgoblin (D:3)
  2 kobolds (D:4)
16 creatures vanquished.

Notes
Turn   | Place    | Note
-------+----------+-------------------------------------------
     0 | D:5      | Spectrina the Vampire Delver began the quest for the Orb.
     0 | D:5      | Reached XP level 1. HP: 17/17 MP: 1/1
    14 | D:5      | Noticed a hound
    19 | D:5      | Killed a hound
    20 | D:5      | Reached skill level 8 in Stealth
    20 | D:5      | Reached XP level 2. HP: 18/18 MP: 2/2
    34 | D:5      | Reached skill level 9 in Stealth
    34 | D:5      | Gained mutation: You are afflicted with vampirism and can
                  | become a bat while bloodless. [Vampire growth]
    34 | D:5      | Reached XP level 3. HP: 22/22 MP: 3/3
    36 | D:5      | Reached XP level 4. HP: 27/27 MP: 4/4
    75 | D:4      | Noticed a scorpion
    83 | D:5      | Noticed a centaur
   135 | D:5      | Noticed an ice beast
   137 | D:5      | Reached skill level 10 in Stealth
   142 | D:5      | Killed an ice beast
   143 | D:5      | Reached skill level 11 in Stealth
   143 | D:5      | Reached XP level 5. HP: 31/31 MP: 5/5
   271 | D:4      | Reached XP level 6. HP: 17/36 MP: 6/6
   274 | D:4      | Slain by an iguana

Illustrated notes

Levels and vault maps discovered:
D:3:      layout_basic, mainiacjoe_overflow_alcove_2, nicolae_ru_path_of_blood
D:4:      layout_basic, minmay_misc_feat_plants, minmay_misc_feat_doors,
          st_stairs_10, uniq_sigmund
D:5:      kb_forest_paths, layout_basic, lemuel_coloured_pillars_altar,
          minmay_temple_entry_poolview, dk_vineyard_3, hangedman_decor_slide_cut

Skill      XL: |  1  2  3  4 |
---------------+-------------+-----
Stealth        | 8 9 11 | 11.6
Fighting       | |  2.6
Short Blades   | |  2.1
Dodging        | |  2.1

Action                   |  1- 3 |  4- 6 || total
-------------------------+-------+-------++-------
Melee: Short sword       |     3 |    66 ||    69
       Bite              |       |     4 ||     4
 Abil: Exsanguinate      |     1 |       ||     1
 Stab: Sleeping          |     3 |     6 ||     9
Armor: Leather armour    |       |     6 ||     6
Dodge: Dodged            |     1 |    38 ||    39
